 Dungeon Crawl Stone Soup version 0.13.0-11-g0187522 (webtiles) character file.

70 Piginabag the Charmwright (level 3, -1/26 HPs)
             Began as a Merfolk Skald on Oct 18, 2013.
             Slain by an adder (2 damage)
             ... on Level 1 of the Dungeon.
             The game lasted 00:03:25 (932 turns).

Piginabag the Charmwright (Merfolk Skald)            Turns: 932, Time: 00:03:25

HP  -1/26        AC  3     Str 13      XL: 3   Next:  0%
MP   4/6         EV 11     Int 11      God:
Gold 47          SH  0     Dex 13      Spells:  3 memorised,  0 levels left

Res.Fire  : . . .   See Invis. : .   a - +0 spear {=f}
Res.Cold  : . . .   Warding    : .   b - +0 leather armour
Life Prot.: . . .   Conserve   : .   (no shield)
Res.Poison: .       Res.Corr.  : .   (no helmet)
Res.Elec. : .       Clarity    : .   (no cloak)
Sust.Abil.: . .     Spirit.Shd : .   (no gloves)
Res.Mut.  : .       Stasis     : .   (no boots)
Res.Rott. : .       Flight     : .   (no amulet)
Saprovore : . . .                    (no ring)
                                     (no ring)

@: not resistant to hostile enchantments, very unstealthy
A: change form in water, swift swim
a: no special abilities


You were on level 1 of the Dungeon.
You were full.

You visited 1 branch of the dungeon, and saw 2 of its levels.

You collected 27 gold pieces.

Inventory:

Hand weapons
 a - a +0,+0 spear (weapon) {=f}
Armour
 b - a +0 leather armour (worn)
Comestibles
 d - a bread ration
 i - a beef jerky
Scrolls
 e - a scroll of magic mapping {unknown}
 g - a scroll of noise {unknown}
 j - a scroll of recharging {unknown}
 k - a scroll of random uselessness {unknown}
Potions
 f - a potion of porridge
 h - a potion of heal wounds {unknown}
Books
 c - a book of Battle

   Spells                             Type                      Level
   *Infusion                          Charms                       1
   *Shroud of Golubria                Charms/Translocation         2
   Song of Slaying                    Charms                       2
   *Spectral Weapon                   Hexes/Charms                 3
   Regeneration                       Charms/Necromancy            3
   Song of Shielding                  Charms                       4


   Skills:
 + Level 2.4 Fighting
 + Level 3.5 Polearms
 + Level 0.9 Armour
 + Level 1.5 Dodging
 + Level 2.2 Spellcasting
 + Level 3.5 Charms


You couldn't memorise any spells.
You knew the following spells:

 Your Spells              Type           Power        Failure   Level  Hunger
a - Infusion              Chrm           #.....       10%         1    ##.....
b - Shroud of Golubria    Chrm/Tloc      #.........   24%         2    ###....
c - Spectral Weapon       Hex/Chrm       #.......     47%         3    ####...


Dungeon Overview and Level Annotations

Branches:
Dungeon (2/27)

Altars:


Message History

The bat completely misses you. The adder bites you.
The bat hits you but does no damage. The hobgoblin hits you with a club.
The adder bites you.
You are poisoned.
The adder poisons you!
You climb upwards.
There is a stone staircase leading down here.
You closely miss the adder.
The adder is severely wounded.
The adder bites you. The hobgoblin barely misses you.
You hit the adder.
The adder is almost dead.
You feel sick.
You feel better. The adder bites you. The hobgoblin hits you with a club!
* * * LOW HITPOINT WARNING * * *
Drink which item? (? for menu, Esc to quit)
That potion was really gluggy!
It was a potion of porridge.
The adder bites you.
You die...

#############.###.#####.#
###.. #.............#
#.......# ##.
#.###########.###.#####.#
#. ##.# ##...## #.# #.
.#.# ##.## #.# #. .#)#
#.# ###.### #. .#.# #.#
#.....#####. .#.# #S#
#........... ...# #@#
#.........#. .###
#g#####.....###.## .#
#b............#.#. .#
#######....##.#... .#
#.#.###.###. .# #.#.###.#
## .# #.#..##.## # .#
#.##.#...### .#
#......#....


You could see an adder, a hobgoblin and a bat.

Vanquished Creatures
  A giant gecko (D:1)
  2 oozes (D:1)
  4 bats (D:1)
  A hobgoblin (D:1)
  4 jackals (D:1)
  2 kobolds (D:1)
  A giant newt (D:1)
  2 goblins (D:1)
  4 rats (D:1)
21 creatures vanquished.

Vanquished Creatures (others)
  A spectral weapon (D:2)
1 creature vanquished.

Grand Total: 22 creatures vanquished

Notes
Turn   | Place    | Note
--------------------------------------------------------------
     0 | D:1      | Piginabag, the Merfolk Skald, began the quest for the Orb.
     0 | D:1      | Reached XP level 1. HP: 15/15 MP: 3/3
   167 | D:1      | Reached XP level 2. HP: 21/21 MP: 0/5
   895 | D:1      | Reached XP level 3. HP: 26/26 MP: 6/6
   913 | D:1      | Learned a level 2 spell: Shroud of Golubria
   917 | D:1      | Learned a level 3 spell: Spectral Weapon
   931 | D:1      | HP: 1/26 [hobgoblin/club (7)]
   932 | D:1      | Slain by an adder

Action                   || total
-------------------------++-------
Melee: Spear             ||    64
 Cast: Infusion          ||     5
       Spectral Weapon   ||     1
  Use: Potion            ||     1
